AoeStats
← bone app the teeth

Highland

506949149Analyzed
3v3 RM · 17d ago on Sep 15, 2026· 53m 38s· 6 players
Game mode
Random Map
Map size
Normal (6 player)
Population
200
Speed
Normal
Resources
Standard
Victory
Conquest
Starting age
Dark Age
Ending age
Imperial Age
RankedLock teamsTeams togetherTeam positionsShared explorationLock speedFull tech treeHidden civsTurbo modeCheats
Victory
Defeat
🇬🇧 Maya · United Kingdom
1078
+14
🇫🇷 Burgundians · France
1039
+15
🇧🇷 Byzantines · Brazil
981
+18
🇺🇸 Hindustanis · United States
1047
-17
🇺🇸 Poles · United States
1044
-16
🇺🇸 Britons · United States
983
-14
Aluerad
3:02 Loom
10:19 Feudal Age
11:31 Double-Bit Axe
14:59 Horse Collar
20:18 Castle Age
19:25 Bloodlines
19:26 Scale Barding Armor
24:24 Forging
24:55 Chain Barding Armor
25:14 Bow Saw
27:32 Husbandry
27:40 Heavy Plow
30:59 Wheelbarrow
36:50 Imperial Age
35:52 Hand Cart
36:24 Fortified Wall
36:39 Light Cavalry
37:18 Gold Mining
38:14 Lechitic Legacy
38:53 Crop Rotation
38:20 Stone Mining
38:58 Conscription
39:52 Iron Casting
41:07 Murder Holes
42:34 Blast Furnace
bone app the teeth
8:57 Loom
11:07 Feudal Age
11:33 Double-Bit Axe
11:29 Horse Collar
13:07 Fishing Lines
19:01 Castle Age
17:04 Gold Mining
17:05 Stone Mining
17:12 Stone Mining
19:18 Scale Mail Armor
20:13 Bow Saw
20:05 Heavy Plow
20:39 Chain Mail Armor
21:20 Bloodlines
23:57 Wheelbarrow
25:15 Husbandry
25:22 Scale Barding Armor
26:51 Chain Barding Armor
26:43 Forging
28:47 Hand Cart
28:17 Town Watch
30:18 Gold Shaft Mining
30:18 Stone Shaft Mining
29:45 Grand Trunk Road
33:03 Imperial Age
30:41 Light Cavalry
32:37 Iron Casting
32:20 Town Patrol
32:24 Squires
33:13 Arson
33:30 Padded Archer Armor
34:56 Conscription
34:29 Heavy Camel Rider
36:48 Plate Barding Armor
37:17 Hoardings
36:46 Imperial Camel Rider
39:09 Blast Furnace
39:36 Two-Man Saw
38:40 Hussar
39:12 Fletching
40:50 Caravan
41:27 Masonry
42:24 Chemistry
42:06 Leather Archer Armor
42:28 Bodkin Arrow
42:56 Ballistics
42:41 Siege Engineers
44:00 Ring Archer Armor
50:13 Thumb Ring
51:08 Shatagni
53:25 Elite Ghulam
Onea Usix
6:20 Loom
13:53 Feudal Age
14:49 Double-Bit Axe
14:46 Horse Collar
14:59 Stone Mining
17:31 Man-at-Arms
18:59 Padded Archer Armor
18:49 Fletching
21:33 Gold Mining
24:11 Wheelbarrow
26:53 Castle Age
30:45 Crossbowman
33:44 Gold Shaft Mining
35:54 Hand Cart
35:59 Caravan
36:26 Leather Archer Armor
36:07 Bodkin Arrow
37:19 Squires
36:42 Pikeman
37:08 Arson
44:49 Imperial Age
Lil Malki
0:28 Loom
11:47 Feudal Age
13:25 Double-Bit Axe
13:23 Horse Collar
17:46 Castle Age
16:55 Fletching
25:19 Wheelbarrow
26:41 Scale Mail Armor
26:52 Forging
26:49 Eagle Warrior
29:09 Hand Cart
28:43 Town Watch
29:22 Bow Saw
29:16 Heavy Plow
29:26 Town Patrol
32:52 Imperial Age
30:53 Squires
32:18 Gold Mining
33:53 Chain Mail Armor
34:02 Elite Eagle Warrior
36:24 Plate Mail Armor
36:29 Iron Casting
36:36 Capped Ram
50:06 Blast Furnace
49:59 Pikeman
52:40 Siege Ram
felipe
11:10 Feudal Age
10:51 Loom
11:36 Double-Bit Axe
12:42 Horse Collar
17:31 Castle Age
21:09 Bow Saw
21:44 Heavy Plow
22:08 Gold Mining
24:07 Fletching
24:44 Bodkin Arrow
25:25 Pikeman
30:11 Wheelbarrow
30:05 Ballistics
29:55 Thumb Ring
29:54 Padded Archer Armor
30:52 Murder Holes
32:34 Hand Cart
35:06 Imperial Age
34:36 Leather Archer Armor
46:08 Crop Rotation
47:48 Elite Skirmisher
48:30 Heavy Cavalry Archer
51:08 Two-Man Saw
51:01 Conscription
52:29 Gold Shaft Mining
King Benou
1:38 Loom
7:12 Double-Bit Axe
8:51 Wheelbarrow
13:13 Feudal Age
11:45 Horse Collar
14:03 Heavy Plow
13:58 Gold Mining
14:27 Bow Saw
16:37 Gold Shaft Mining
19:17 Hand Cart
19:17 Forging
19:14 Scale Barding Armor
21:49 Castle Age
22:11 Cavalier
22:59 Husbandry
23:40 Iron Casting
24:01 Crop Rotation
24:52 Chain Barding Armor
27:46 Stone Mining
31:53 Town Watch
37:43 Fletching
42:16 Imperial Age
42:15 Ballistics
44:04 Chemistry
43:16 Fortified Wall
42:29 Paladin
43:08 Capped Ram
45:22 Plate Barding Armor
50:48 Burgundian Vineyards
51:09 Padded Archer Armor
52:11 Blast Furnace
Connection lost

Rejoining the realm…

Still unreachable

The connection could not be restored.

Session expired

The server has moved on; the page needs a fresh start.